 Dungeon Crawl Stone Soup version 0.28.0-43-g3370ac3207 (webtiles) character file.

Game seed: 12249695384513724235

26 leafyfresh the Changer (level 3, 0/26 HPs)
             Began as a Merfolk Transmuter on Mar 8, 2022.
             Succumbed to an adder's poison
             ... on level 2 of the Dungeon.
             The game lasted 00:01:01 (1305 turns).

leafyfresh the Changer (Merfolk Transmuter)         Turns: 1305, Time: 00:01:02

Health: 0/26       AC:  2    Str: 10    XL:     3   Next: 8%
Magic:  4/6        EV: 13    Int: 12    God:
Gold:   32         SH:  0    Dex: 16    Spells: 5/6 levels left

rFire   . . .      SeeInvis .     - Unarmed
rCold   . . .      Faith    .   (no shield)
rNeg    . . .      Spirit   .   a - +0 robe
rPois   .          Reflect  .   (helmet currently unavailable)
rElec   .          Harm     .   (no cloak)
rCorr   .          Rampage  .   (no gloves)
Will    .....                   (boots currently unavailable)
Stlth   ++........              (no amulet)
HPRegen 0.08/turn               (no ring)
MPRegen 0.10/turn               (no ring)

@: brilliant, lethally poisoned (0 -> -1), appendages
A: horns 2, (nimble swimmer 2), mertail
a: End Transformation


You were on level 2 of the Dungeon.
You had temporarily grown beastly horns.
You visited 1 branch of the dungeon, and saw 2 of its levels.

You collected 32 gold pieces.

Inventory:

Armour
 a - a +0 robe (worn)
Jewellery
 c - a ring of positive energy


   Skills:
 - Level 1.1 Fighting
 - Level 2.6 Dodging
 + Level 1.0 Stealth
 - Level 3.2 Unarmed Combat
 - Level 2.0 Spellcasting
 + Level 4.4 Transmutations


You had 5 spell levels left.
You knew the following spells:

 Your Spells              Type           Power      Damage    Failure   Level
a - Beastly Appendage     Tmut           34%        N/A       4%          1

Your spell library contained the following spells:

 Spells                   Type           Power      Damage    Failure   Level
 Wereblood                Tmut           17%        N/A       7%          2
 Spider Form              Tmut/Pois      9%         N/A       32%         3
 Ice Form                 Ice/Tmut       9%         N/A       73%         4


Dungeon Overview and Level Annotations

Branches:
Dungeon (2/15)

Altars:


Innate Abilities, Weirdness & Mutations

You have temporarily grown beastly horns.
((You are very nimble when in or above water. (Stealth+, EV+, Speed+++)))
Your lower body shifts to a powerful aquatic tail in water.


Message History

Confirm with . or Enter, or press ? or * to list all spells.
You grow a pair of large bovine horns.
The adder bites you.
You are poisoned.
The adder poisons you!
Unknown command.
You hit the adder.
The adder is lightly wounded.
You feel sick. The adder bites you. The adder closely misses you.
Unknown command.
You hit the adder. Your headbutt misses the adder.
The adder is moderately wounded.
You feel sick. The adder bites you.
Unknown command.
You hit the adder.
The adder is almost dead.
You feel sick. The adder barely misses you.
Unknown command.
You hit the adder. Your headbutt misses the adder.
The adder is almost dead.
You feel sick. The adder completely misses you. The adder bites you.
* * * LOW HITPOINT WARNING * * *
Unknown command.
You hit the adder but do no damage. Your headbutt misses the adder.
The adder is almost dead.
* * * LOW HITPOINT WARNING * * *
You feel sick. The adder misses you.
Unknown command.
Unknown command.
You hit the adder.
You kill the adder!
* * * LOW HITPOINT WARNING * * *
You feel sick.
Your Stealth skill increases to level 1!
You have reached level 3!
Your experience leads to an increase in your attributes!
Increase (S)trength, (I)ntelligence, or (D)exterity?
You feel agile. x2
It was a potion of brilliance.
You feel clever all of a sudden.
You die...

#.##.###.#
#......#.#
####.#.#.#
#†#.#.# #.....#
###.#### #....#
#####
####.######......
#.....@†.#
##########


There were no monsters in sight!

Vanquished Creatures
  An adder (D:2)
  A worm (D:2)
  A ball python (D:1)
  A giant cockroach (D:1)
  3 goblins (D:1)
  A hobgoblin (D:1)
  A kobold (D:1)
  2 frilled lizards
  4 rats
15 creatures vanquished.

Notes
Turn   | Place    | Note
-------+----------+-------------------------------------------
     0 | D:1      | leafyfresh the Merfolk Transmuter began the quest for the
                  | Orb.
     0 | D:1      | Reached XP level 1. HP: 15/15 MP: 3/3
    86 | D:1      | Noticed a floating eye
    92 | D:1      | Reached skill level 3 in Transmutations
    93 | D:1      | Found a faded altar of an unknown god.
   483 | D:1      | Reached XP level 2. HP: 21/21 MP: 5/5
   559 | D:1      | Noticed an eye of devastation
   559 | D:1      | Noticed a shining eye
   559 | D:1      | Noticed a great orb of eyes
  1208 | D:2      | Reached skill level 4 in Transmutations
  1304 | D:2      | HP: 1/21 [poisoned by an adder]
  1305 | D:2      | Reached skill level 1 in Stealth
  1305 | D:2      | Reached XP level 3. HP: 1/26 MP: 4/6
  1305 | D:2      | Succumbed to an adder's poison

Illustrated notes

Levels and vault maps discovered:
D:1:      sevenhm_arrival_forest_fort_small_5, layout_loops_ring,
          hellmonk_ecumenical_altar_watching_god
D:2:      layout_loops_corners

Skill      XL: |  1  2 |
---------------+-------+-----
Transmutations | 3 4 |  4.4
Stealth        | 1 |  1.0
Fighting       | |  1.1
Dodging        | |  2.6
Unarmed Combat | |  3.2
Spellcasting   | |  2.0

Action                   || total
-------------------------++-------
Melee: Unarmed           ||    46
       Headbutt          ||     6
       Punch             ||     1
 Cast: Beastly Appendage ||     5
  Use: Potion            ||     1
 Stab: Sleeping          ||     1
Armor: Robe              ||     4
Dodge: Dodged            ||    29
